 Dungeon Crawl Stone Soup version 0.16.1 (webtiles) character file.

138 Fiveotanaka the Conjurer (level 5, 0/28 HPs)
             Began as a Deep Elf Conjurer on Mar 27, 2015.
             Succumbed to a gnoll's poison
             ... on level 3 of the Dungeon.
             The game lasted 00:04:16 (2039 turns).

Fiveotanaka the Conjurer (Deep Elf Conjurer)        Turns: 2039, Time: 00:04:16

Health: 0/28       AC:  2    Str: 10    XL:     5   Next: 1%
Magic:  1/16       EV: 13    Int: 21    God:
Gold:   21         SH:  0    Dex: 15    Spells: 2 memorised, 7 levels left

rFire  . . .     SeeInvis .     d - +0 spear
rCold  . . .     Clarity  .     a - +0 robe
rNeg   . . .     SustAb   .     (no shield)
rPois  .         Gourm    .     (no helmet)
rElec  .         Spirit   .     (no cloak)
rCorr  .         Warding  .     (no gloves)
rMut   .         Stasis   .     (no boots)
MR     .....                    (no amulet)
Stlth  ++........               (no ring)
                                (no ring)

@: mighty, lethally poisoned (0 -> -15), not resistant to hostile enchantments,
unstealthy
A: no striking features
a: no special abilities


You were on level 3 of the Dungeon.
You were hungry.

You visited 1 branch of the dungeon, and saw 3 of its levels.

You collected 21 gold pieces.

Inventory:

Hand weapons
 d - a +0 spear (weapon)
Missiles
 j - 68 stones (quivered)
Armour
 a - a +0 robe (worn)
Scrolls
 f - a scroll of fear {unknown}
 g - 2 scrolls of identify {unknown}
 o - a scroll of fog {unknown}
Potions
 e - a potion of agility {unknown}
 h - a potion of restore abilities {unknown}
 i - a potion of invisibility {unknown}
 k - a potion of heal wounds {unknown}
 m - a potion of haste {unknown}
 p - a potion of curing {unknown}
Books
 c - a book of Conjurations

   Spells                             Type                      Level
   a - Magic Dart                     Conjuration                  1
   b - Searing Ray                    Conjuration                  2
   c - Dazzling Spray                 Conjuration/Hexes            3
   d - Fulminant Prism                Conjuration/Hexes            4
   e - Iskenderun's Mystic Blast      Conjuration                  4
   f - Iskenderun's Battlesphere      Conjuration/Charms           5
Comestibles
 b - 3 bread rations
 n - a chunk of flesh


   Skills:
 - Level 2.4 Dodging
 - Level 2.4 Stealth
 - Level 3.0 Spellcasting
 + Level 7.0 Conjurations


You had 7 spell levels left.
You knew the following spells:

 Your Spells              Type           Power        Failure   Level  Hunger
a - Magic Dart            Conj           ####         1%          1    None
b - Searing Ray           Conj           ####..       1%          2    ##.....


Dungeon Overview and Level Annotations

Branches:
Dungeon (3/15)

Altars:
Dithmenos
Nemelex Xobeh


Message History

Attack whom?
Press: ? - help, Dir - move target cursor, f/p - gnoll
Aim: a gnoll, wielding a spear of chaos (almost dead)
You reach to attack!
You hit the gnoll.
The gnoll is almost dead.
* * * LOW HITPOINT WARNING * * *
You feel sick. The gnoll hits you but does no damage.
Attack whom?
Press: ? - help, Dir - move target cursor, f/p - gnoll
Aim: a gnoll, wielding a spear of chaos (almost dead)
You reach to attack!
You hit the gnoll.
You kill the gnoll!
Your Conjurations skill increases to level 7!
You have reached level 5!
* * * LOW HITPOINT WARNING * * *
You feel sick.
Drink which item? (? for menu, Esc to quit)
It was a potion of might.
You feel very mighty all of a sudden.
You die...

#.#. #≈. ### .≈. ≈...
#<. .≈. #≈.. #.#
^g#≈≈. #.# ##.g.
########.# ..≈ #
#.....##.# #.# ### .#
#....÷##'# #.###.##.#
#......... #.)).@.#.#
#.#..).... ######.#.#
#.#....... #.#.#
#.+...<... #.#.#
#.#....... #...#
#.#....... ##..#
#.######.. #..#
#.#.......
######..####.#.######
#.......>.............


There were no monsters in sight!

Vanquished Creatures
  A jelly (D:3)
  3 gnolls (D:3)
  3 adders (D:2)
  2 worms (D:2)
  An ooze (D:1)
  3 giant cockroaches (D:1)
  8 hobgoblins
  4 kobolds (D:2)
  A quokka (D:2)
  3 bats
  10 goblins
  A rat (D:3)
40 creatures vanquished.

Notes
Turn   | Place    | Note
--------------------------------------------------------------
     0 | D:1      | Fiveotanaka, the Deep Elf Conjurer, began the quest for the Orb.
     0 | D:1      | Reached XP level 1. HP: 10/10 MP: 5/5
   332 | D:1      | Reached XP level 2. HP: 15/15 MP: 6/8
   339 | D:1      | Reached skill level 5 in Conjurations
   921 | D:1      | Learned a level 2 spell: Searing Ray
  1103 | D:2      | Reached XP level 3. HP: 19/19 MP: 5/10
  1497 | D:2      | Reached skill level 6 in Conjurations
  1551 | D:2      | Found a sparkling altar of Nemelex Xobeh.
  1551 | D:2      | Found a shadowy altar of Dithmenos.
  1606 | D:2      | Reached XP level 4. HP: 24/24 MP: 2/13
  2038 | D:3      | Reached skill level 7 in Conjurations
  2038 | D:3      | Reached XP level 5. HP: 2/28 MP: 0/16
  2038 | D:3      | HP: 1/28 [poisoned by a gnoll]
  2039 | D:3      | Succumbed to a gnoll's poison

Action                   |  1- 3 |  4- 6 || total
-------------------------+-------+-------++-------
Melee: Spear             |    10 |     2 ||    12
 Cast: Magic Dart        |    61 |    12 ||    73
       Searing Ray       |     2 |     5 ||     7
  Use: Potion            |       |     1 ||     1
 Stab: Sleeping          |     1 |       ||     1
  Eat: Chunk             |     2 |     1 ||     3
